 Dungeon Crawl Stone Soup version 0.24.0-2-g5b39cebb1c (webtiles) character file.

Game seed: 9740657772662675377, levelgen mode: deterministic

1011 Mrkan the Grappler (level 8, -14/80 HPs)
             Began as a Troll Monk on Oct 30, 2019.
             Was an Elder of Trog.
             Demolished by Menkaure (19 damage)
             ... on level 5 of the Dungeon.
             The game lasted 00:07:38 (3579 turns).

Mrkan the Grappler (Troll Monk)                     Turns: 3579, Time: 00:07:39

Health: -14/80     AC:  6    Str: 20    XL:     8   Next: 1%
Magic:  7/7        EV: 10    Int:  8    God:    Trog [****..]
Gold:   304        SH:  0    Dex: 12    Spells: 7/7 levels left

rFire    . . .     SeeInvis .     - Unarmed
rCold    . . .     Gourm    +   (no shield)
rNeg     . . .     Faith    .   a - +0 robe
rPois    .         Spirit   .   (helmet restricted)
rElec    .         Reflect  .   (no cloak)
rCorr    .         Harm     .   (gloves unavailable)
MR       .....                  (boots unavailable)
Stlth    ++........             (no amulet)
HPRegen  0.63/turn              (no ring)
MPRegen  0.10/turn              (no ring)

@: no status effects
A: large, unfitting armour, claws 3, fast metabolism 3, gourmand, regeneration
1, shaggy fur 1, tough skin 3
a: Berserk, Trog's Hand, Brothers in Arms, Renounce Religion


You were on level 5 of the Dungeon.
You worshipped Trog.
Trog was greatly pleased with you.
You were completely stuffed.

You visited 1 branch of the dungeon, and saw 5 of its levels.
You also visited: Sewer.

You collected 304 gold pieces.

Inventory:

Missiles
 j - 31 poisoned darts (quivered)
Armour
 a - a +0 robe (worn)
 k - a +0 cloak
Jewellery
 d - a +4 amulet of reflection {unknown}
 n - an uncursed amulet of magic regeneration {unknown}
Wands
 s - a wand of iceblast (9)
Scrolls
 c - 4 scrolls of identify {unknown}
 g - 2 scrolls of remove curse {unknown}
 m - 2 scrolls of random uselessness {unknown}
 o - a scroll of immolation {unknown}
 p - a scroll of magic mapping {unknown}
 q - a scroll of enchant armour {unknown}
 r - a scroll of fear {unknown}
 u - a scroll of enchant weapon {unknown}
Potions
 e - 2 potions of curing {unknown}
 f - a potion of haste {unknown}
 h - a potion of ambrosia {unknown}
 i - a potion of degeneration {unknown}
 l - a potion of lignification {unknown}
 t - a potion of mutation {unknown}
Comestibles
 b - 9 rations
 v - 3 chunks of flesh


   Skills:
 + Level 5.0 Fighting
 - Level 2.4 Dodging
 - Level 1.0 Stealth
 * Level 8.2 Unarmed Combat


You had 7 spell levels left.
You didn't know any spells.
Your spell library was empty.

Dungeon Overview and Level Annotations

Branches:
Dungeon (5/15)             Temple (0/1) D:5           Sewer (visited)

Altars:
Cheibriados
Gozag
Hepliaklqana
Makhleb
Ru
Trog
Yredelemnul

Annotations:
D:5 Menkaure


Innate Abilities, Weirdness & Mutations

You are too large for most types of armour.
You have claws for hands.
Your metabolism is lightning-fast.
You like to eat raw meat.
Your natural rate of healing is unusually fast.
You are covered in fur. (AC +1)
You have extremely tough skin. (AC +3)


Message History

Found 25 bolts.
You see here 25 bolts.
You open the door.
There is an open door here.
You now have 304 gold pieces (gained 4).
Menkaure, Prince of Dust comes into view.
Menkaure casts a spell.
Menkaure seems to speed up.
Menkaure is nearby!
Menkaure closely misses you.
Menkaure calls on the powers of darkness!
Your body is wracked with pain!
You barely miss Menkaure. Menkaure hits you!!
* * * LOW HITPOINT WARNING * * *
You scratch Menkaure but do no damage. Menkaure hits you!
* * * LOW HITPOINT WARNING * * *
You claw Menkaure!
Menkaure is heavily damaged.
Menkaure hits you!!
You die...

###+#####
#........
###
#........
#..
#........
#.#
#........
#M#
#........
#@#
#........
#.#
#....<...
#######.#
#........
#.......#
#.......#
#.#######
#<
#########
#####.#
#.#.##
#....
###.....#
#.#...###
#.###
#......##
#.......#
#.# #
#......#
#.......#
#.# #


You could see Menkaure.

Vanquished Creatures
  A sky beast (D:5)
  2 ogres (D:4)
  A centaur (D:5)
  2 bullfrogs (Sewer)
  A water moccasin skeleton (D:5)
  3 howler monkeys
  A crimson imp (D:5)
  2 orc wizards (D:5)
  An iguana (D:5)
  2 worker ants
  A hound skeleton (D:5)
  A gnoll (D:3)
  6 adders
  2 worms
  2 dart slugs
  10 leopard geckos
  13 orcs
  7 bats
  10 giant cockroaches
  6 goblins
  7 hobgoblins
  11 jackals
  4 ball pythons
  12 frilled lizards
  7 kobolds
  A quokka skeleton (D:5)
  2 rats (D:1)
118 creatures vanquished.

Notes
Turn   | Place    | Note
-------+----------+-------------------------------------------
     0 | D:1      | Mrkan the Troll Monk began the quest for the Orb.
     0 | D:1      | Reached XP level 1. HP: 22/22 MP: 0/0
    27 | D:1      | Reached XP level 2. HP: 28/29 MP: 1/1
   675 | D:2      | Reached XP level 3. HP: 35/36 MP: 2/2
   690 | D:2      | Reached skill level 4 in Unarmed Combat
  1091 | D:3      | Found a bloodstained altar of Trog.
  1091 | D:3      | Found a sacrificial altar of Ru.
  1091 | D:3      | Found an opulent altar of Gozag.
  1098 | D:3      | Found a faded altar of an unknown god.
  1117 | D:3      | Became a worshipper of Trog the Wrathful
  1117 | D:3      | Reached * piety under Trog
  1117 | D:3      | Reached ** piety under Trog
  1262 | D:3      | Found a glowing drain.
  1292 | Sewer    | Entered a sewer
  1304 | Sewer    | Reached XP level 4. HP: 30/45 MP: 3/3
  1552 | Sewer    | Noticed a bullfrog
  1560 | Sewer    | Noticed a bullfrog
  1568 | Sewer    | Killed a bullfrog
  1568 | Sewer    | Reached skill level 5 in Unarmed Combat
  1568 | Sewer    | Reached XP level 5. HP: 32/53 MP: 4/4
  1576 | Sewer    | Reached *** piety under Trog
  2054 | D:3      | Reached XP level 6. HP: 54/62 MP: 5/5
  2139 | D:3      | Found a snail-covered altar of Cheibriados.
  2519 | D:4      | Reached skill level 6 in Unarmed Combat
  2660 | D:4      | Found a burning altar of Makhleb.
  2780 | D:4      | Found a hazy altar of Hepliaklqana.
  2825 | D:4      | Reached XP level 7. HP: 18/70 MP: 6/6
  2925 | D:4      | Reached **** piety under Trog
  2928 | D:4      | Reached skill level 7 in Unarmed Combat
  3146 | D:4      | Found a basalt altar of Yredelemnul.
  3183 | D:5      | Entered Level 5 of the Dungeon
  3372 | D:5      | Reached skill level 8 in Unarmed Combat
  3391 | D:5      | Found a staircase to the Ecumenical Temple.
  3410 | D:5      | Reached skill level 5 in Fighting
  3415 | D:5      | Reached XP level 8. HP: 35/80 MP: 7/7
  3573 | D:5      | Noticed Menkaure
  3578 | D:5      | HP: 4/80 [Menkaure (16)]
  3579 | D:5      | Demolished by Menkaure

Levels and vault maps discovered:
D:1:      dpeg_arrival_shelter, layout_rooms
D:2:      layout_rooms, chequers_serial_rivers_large_a
D:3:      layout_basic, lemuel_round_altar,
          chequers_temple_overflow_statue_of_worship, portal_sewer_entry_f,
          chequers_ecumenical_altar_simple, hangedman_feature_mirror,
          kennysheep_nondescript, grunt_ministairs_1
D:4:      layout_cave_pools, lemuel_doored_altar,
          nicolae_overflow_crystal_walls, lemuel_coloured_pillars_altar
D:5:      layout_basic, minmay_temple_entry_offerings, first_ration,
          uniq_menkaure

Skill      XL: |  1  2  3  4  5  6  7 |
---------------+----------------------+-----
Unarmed Combat | 4 5 6 8 |  8.2
Fighting       | 3 4 5 |  5.0
Dodging        | |  2.4
Stealth        | |  1.0

Action                   |  1- 3 |  4- 6 |  7- 9 || total
-------------------------+-------+-------+-------++-------
Melee: Unarmed           |   109 |   139 |    74 ||   322
       Punch             |       |     3 |       ||     3
 Stab: Distracted        |       |     1 |       ||     1
  Eat: Chunk             |    16 |    16 |     7 ||    39
Armor: Robe              |    52 |    53 |    33 ||   138
Dodge: Dodged            |    86 |    68 |    26 ||   180
